[Event "15. Dobrovický rapid - Tereos TTD a.s. – open"]
[Site "Dobrovice, Czech Republic"]
[Date "2020.02.29"]
[Round "8.9"]
[White "Nedoma Marek"]
[Black "Stursa Jan"]
[Result "1/2-1/2"]
[TimeControl "15m + 3s / tah"]
[WhiteElo "2003"]
[BlackElo "1943"]

1. d4 Nf6 2. Nf3 g6 3. Bf4 Bg7 4. Nbd2 d6 5. e3 O-O 6. h3 Nbd7 7. Bd3 b6 8. O-O Bb7 9. Re1 c5 10. c3 Re8 11. Bg3 e5 12.
Bc4 h6 13. dxe5 dxe5 14. e4 Nh5 15. Qb3 Qe7 16. Bh2 Nf4 17. Bxf4 exf4 18. Bd5 Rab8 19. c4 Ne5 20. Rab1 Bc8 21.
Nxe5 Qxe5 22. Nf3 Qh5 23. Nh2 g5 24. Rbd1 Bd4 25. Nf3 Bg7 26. Nh2 Bd4 27. Nf3 Bg7 28. Bc6 Rf8 29. Bd7 Bxd7 30.
Rxd7 a6 31. Qa3 b5 32. Qxc5 bxc4 33. Qxc4 Rxb2 34. e5 g4 35. hxg4 Qxg4 36. e6 fxe6 37. Qxe6+ Qxe6 38. Rxe6 Rxa2 39. Ra7 a5 40. Rea6 Rf7 41.
Ra8+ Rf8 42. R8a7 Rf7 43. Ra8+ Rf8 44. R8a7 1/2-1/2

[Event "15. Dobrovický rapid - Tereos TTD a.s. – open"]
[Site "Dobrovice, Czech Republic"]
[Date "2020.02.29"]
[Round "8.10"]
[White "Toman Jan"]
[Black "Janacek Jaroslav"]
[Result "1-0"]
[TimeControl "15m + 3s / tah"]
[WhiteElo "2088"]
[BlackElo "1979"]

1. Nf3 d6 2. g3 e5 3. d3 f5 4. Bg2 Nf6 5. O-O Be7 6. c4 O-O 7. Nc3 c6 8. b4 Qe8 9. b5 f4 10.
bxc6 bxc6 11. c5 Qh5 12. cxd6 Bxd6 13. Ne4 Nxe4 14. dxe4 Bc7 15. Qc2 Rf6 16. Bb2 Rh6 17. Rfd1 fxg3 18. fxg3 Bb6+ 19. Kf1 Bg4 20.
Qb3+ Be6 21. Qc3 Nd7 22. Rd6 Rf8 23. Ke1 Rxf3 24. Qxf3 Qxh2 25. Rxc6 Rf6 26. Rxe6 Rxf3 27. Bxf3 Qxg3+ 28. Kd2 Qf4+ 29. Kc2 Kf7 30. Rc6 Nc5 31. Rf1 Nxe4 32. Bh5+ g6 33. Rxf4+ exf4 34. Bf3 Nc5 35. Bc1 g5 36. Bh5+ Ke7 37. Rh6 Ne4 38. Rxh7+ Kf6 39. Bb2+ Ke6 40. Bg4+ Kd6 41. Rg7 Be3 42. Bf3 Nd2 43. Rxg5 Nc4 44.
Rg6+ Ke7 45. Ra6 Bb6 46. Bc3 Ne3+ 47. Kd3 Nd1 48. Bd4 1-0

[Event "15. Dobrovický rapid - Tereos TTD a.s. – open"]
[Site "Dobrovice, Czech Republic"]
[Date "2020.02.29"]
[Round "8.11"]
[White "Horak Otakar"]
[Black "Szeko Ludovit"]
[Result "0-1"]
[TimeControl "15m + 3s / tah"]
[WhiteElo "1938"]
[BlackElo "2051"]

1. d4 Nf6 2. c4 g6 3. g3 Bg7 4. Nf3 O-O 5. Bg2 d6 6. Nc3 a6 7. O-O Nbd7 8. b3 Rb8 9. Bb2 b5 10. cxb5 axb5 11. Qc2 c5 12. Rfd1 Qb6 13. e3 Bb7 14.
dxc5 Qxc5 15. Rac1 Rfc8 16. Qb1 Qh5 17. Nd4 Bxg2 18. Kxg2 Ne5 19. Nce2 b4 20. h3 Bh6 21. Nf4 Bxf4 22. exf4 Ned7 23. Nc6 Rxc6 24. Rxc6 Qb5 25. Rc4 Qb7+ 26.
Kg1 Ra8 27. Rdc1 Nd5 28. Qc2 Nc5 29. Rxc5 dxc5 30. Qxc5 f6 31. Rd1 Rd8 32. Rd2 Rd7 33. h4 Kf7 34. Qc4 e6 35. Qe4 h5 36.
Rd4 Rc7 37. Rxb4 Qxb4 0-1

[Event "15. Dobrovický rapid - Tereos TTD a.s. – open"]
[Site "Dobrovice, Czech Republic"]
[Date "2020.02.29"]
[Round "8.12"]
[White "Jerman Richard"]
[Black "Vranova Zdenka"]
[Result "0-1"]
[TimeControl "15m + 3s / tah"]
[WhiteElo "2046"]
[BlackElo "1970"]

1. e4 e5 2. Nf3 Nf6 3. Nc3 d6 4. d4 Nbd7 5. Bc4 h6 6. dxe5 dxe5 7. O-O c6 8. a4 Be7 9. h3 O-O 10. Be3 Qc7 11. Qe2 Bb4 12.
Bd2 Nb6 13. Bb3 Bd7 14. Ne1 Rfe8 15. Nd3 Bd6 16. Qf3 Be6 17. Bxh6 Bxb3 18. cxb3 Nbd7 19. Qg3 g6 20. Bg5 Nh7 21.
Bh6 Ndf6 22. Be3 Qd7 23. Rad1 Qe6 24. Nc1 Bb4 25. f3 b6 26. Qf2 Rad8 27. Qc2 Nh5 28. Nd3 Bf8 29. Nf2 Ng3 30.
Rfe1 Be7 31. Rxd8 Rxd8 32. Rd1 Rxd1+ 33. Qxd1 Nf8 34. Nd3 Nd7 35. Bf2 Nh5 36. Ne2 Bd6 37. Qc2 Bb8 38. Nb4 c5 39.
Nd5 Nhf6 40. Nxf6+ Qxf6 41. Nc3 Qd6 42. Nd5 Nf8 43. Bh4 Nd7 44. Qd2 Kg7 45. Qg5 f6 46. Qe3 Bc7 47. Be1 Bd8 48.
Bc3 Nf8 49. f4 exf4 50. Qxf4 Qxf4 51. Nxf4 Kf7 52. Kf2 g5 53. Nd5 Ke6 54. g4 Ng6 55. Ke3 Kf7 56. b4 cxb4 57. Nxb4 Bc7 58.
Nd5 Bd8 59. Kd3 Ke6 60. Kc4 a6 61. b4 Nh4 62. Bd4 b5+ 63. axb5 axb5+ 64. Kxb5 Nf3 65. Kc5 Nd2 66. Nc3 Be7+ 67.
Kb5 Bd6 68. Bc5 Be5 69. Ne2 Nxe4 70.
Kc6 Bb8 71. b5 Nxc5 72. Kxc5 Ke5 73. Kc6 Ke4 74. Kd7 Kd3 75.
Ng1 Ke3 76. Ke6 Be5 77. b6 Kf2 78. b7 Kxg1 79. b8=Q Bxb8 80. Kxf6 Bf4 81. Kf5 Bd2 82. h4 gxh4 83.
Ke5 0-1

[Event "15. Dobrovický rapid - Tereos TTD a.s. – open"]
[Site "Dobrovice, Czech Republic"]
[Date "2020.02.29"]
[Round "8.13"]
[White "Divis Jaroslav"]
[Black "Lasek Frantisek"]
[Result "0-1"]
[TimeControl "15m + 3s / tah"]
[WhiteElo "2029"]
[BlackElo "1932"]

1. e4 c6 2. d4 d5 3. Nc3 dxe4 4. Nxe4 Bf5 5. Ng3 Bg6 6. h4 h6 7. h5 Bh7 8. Nf3 Nf6 9. c3 e6 10.
Ne5 Nbd7 11. Bf4 Nd5 12. Qf3 Qf6 13. Nxd7 Qxf4 14. Ne5 Qxf3 15. Nxf3 Bd6 16. Ne5 f6 17. Nc4 Bxg3 18. fxg3 O-O-O 19. O-O-O b5 20. Na5 Kc7 21. Re1 Kb6 22. Nb3 Rhe8 23. Nc5 e5 24. Nb3 exd4 25. Rxe8 Rxe8 26. c4 Nb4 27. Kd2 Nxa2 28.
c5+ Kc7 29. Rh4 d3 30. Nd4 Nb4 31. Rg4 Re7 32. Ne6+ Kb7 33. Nf8 Na6 34. Nxh7 Nxc5 35. Nf8 a5 36. Ng6 Rd7 37. Nf4 Nb3+ 38.
Kd1 c5 39. Bxd3 c4 40. Kc2 cxd3+ 0-1

[Event "15. Dobrovický rapid - Tereos TTD a.s. – open"]
[Site "Dobrovice, Czech Republic"]
[Date "2020.02.29"]
[Round "8.14"]
[White "Zemlicka Vit"]
[Black "Vavrinec Tomas"]
[Result "0-1"]
[TimeControl "15m + 3s / tah"]
[WhiteElo "1915"]
[BlackElo "2025"]

1. e4 e6 2. d4 d5 3.
Nc3 Bb4 4. exd5 exd5 5. Bd3 Nf6 6. Nge2 O-O 7. O-O Bg4 8. Bf4 c6 9. a3 Be7 10. Qd2 Nbd7 11. h3 Bh5 12. Ng3 Bg6 13.
Nf5 Re8 14. Nxe7+ Rxe7 15. Bxg6 hxg6 16. Rfe1 Rxe1+ 17. Rxe1 Qb6 18. b3 Re8 19. Rxe8+ Nxe8 20. Qe3 Qd8 21. Ne2 Nef6 22. f3 Nf8 23.
Bh2 Ne6 24. Nf4 Nf8 25. Nd3 Qe8 26. Kf2 Qd8 27. Qe5 Qa5 28. a4 Qd2+ 29. Qe2 Qc3 30. Be5 Ne6 31. Ke3 Nd7 32. Qd2 Qxd2+ 33. Kxd2 f6 34. Bf4 Nxd4 35.
Be3 Ne6 36. Bxa7 Kf7 37. Bf2 Ke7 38. c3 Ng5 39. Nc5 Nxc5 40. Bxc5+ Kd7 41. a5 Ne6 42. Bb6 c5 43. b4 cxb4 44.
cxb4 Kc6 45. Kc3 Kb5 46. Bf2 d4+ 47.
Kd3 Kxb4 48. Be1+ Kc5 0-1
[ePGN "0.1;DGT LiveChess/2.2.5"]

[Event "15. Dobrovický rapid - Tereos TTD a.s. – open"]
[Site "Dobrovice, Czech Republic"]
[Date "2020.02.29"]
[Round "9.1"]
[White "Plat Vojtech"]
[Black "Velicka Petr"]
[Result "1/2-1/2"]
[TimeControl "15m + 3s / tah"]
[WhiteElo "2553"]
[BlackElo "2395"]

1. d4 d5 2. Nf3 Nf6 3. e3 Bg4 4. c4 c6 5. Nbd2 e6 6. Qb3 Qb6 7. Ne5 Bh5 8. Bd3 Nbd7 9. Nxd7 Nxd7 10.
Qc2 Bg6 11. O-O Nf6 12. h3 1/2-1/2

[Event "15. Dobrovický rapid - Tereos TTD a.s. – open"]
[Site "Dobrovice, Czech Republic"]
[Date "2020.02.29"]
[Round "9.3"]
[White "Kourousis Epaminondas"]
[Black "Postupa Pavel ml."]
[Result "1/2-1/2"]
[TimeControl "15m + 3s / tah"]
[WhiteElo "2406"]
[BlackElo "2164"]

1. Nf3 g6 2. c4 c5 3. Nc3 Bg7 4. e3 Nc6 5. d4 cxd4 6. exd4 d6 7. h3 Nf6 8. Be2 O-O 9. O-O d5 10.
Re1 Bf5 11. Bf4 Rc8 12. a3 1/2-1/2

[Event "15. Dobrovický rapid - Tereos TTD a.s. – open"]
[Site "Dobrovice, Czech Republic"]
[Date "2020.02.29"]
[Round "9.4"]
[White "Suran Jan"]
[Black "Sulc Jakub"]
[Result "1/2-1/2"]
[TimeControl "15m + 3s / tah"]
[WhiteElo "2335"]
[BlackElo "1754"]

1. e4 e6 2. d4 d5 3. Nd2 Nf6 4. Bd3 c5 5. e5 Nfd7 6. c3 Nc6 7. Ne2 cxd4 8. cxd4 f6 9. exf6 Nxf6 10. Nf3 Bd6 11. Bf4 O-O 12.
O-O Bxf4 13. Nxf4 Ne4 14. Qc1 Ng5 15. Nxg5 Qxg5 16. Ne2 Qxc1 17. Raxc1 e5 18. dxe5 Nxe5 19. Rfd1 Bd7 20. Nd4 Rac8 21.
Be2 a6 22. f3 Kf7 23. f4 Rxc1 24. Rxc1 Nc6 25. Nb3 Ke7 26. g3 Kd6 27. Kg2 Rf7 28. Bd3 Bf5 29. Bxf5 Rxf5 30. Kf3 h5 31. Ke3 Rf7 32. a3 Re7+ 33.
Kd3 Re4 34. Nd2 Re8 35. Nf3 Re4 36.
b3 Na5 37. Rc3 Nc6 38. Rc2 Re7 39. Nh4 Rf7 40. Re2 Rf8 41. b4 b6 42. Ng6 Rf6 43. Ne5 Ne7 44. Rc2 Rf8 45. Rc1 Rf6 46. Ke3 Rf8 47. Kf3 Rf6 48. h3 Rf8 49. Ke3 Rf6 50. g4 Rf8 51. Nf3 hxg4 52.
hxg4 Ng6 53. f5 Ne5 54. Nxe5 Kxe5 55. Rc6 Rf6 56. Rc7 g6 57.
fxg6 Rxg6 58. Kf3 d4 59. Rd7 Rg5 60. Rd8 Rg6 61. Rd7 b5 62. Rd8 Rf6+ 63. Ke2 Rg6 64. Kf3 Rf6+ 65. Ke2 Rg6 66. Kf3 Rf6+ 67. Ke2 Rf4 68. Rg8 Ke4 69. Re8+ Kd5 {Poskozeny zaznam} 1/2-1/2

[Event "15. Dobrovický rapid - Tereos TTD a.s. – open"]
[Site "Dobrovice, Czech Republic"]
[Date "2020.02.29"]
[Round "9.5"]
[White "Flasar Jaroslav"]
[Black "Hosticka Frantisek"]
[Result "0-1"]
[TimeControl "15m + 3s / tah"]
[WhiteElo "1969"]
[BlackElo "2106"]

1. e4 Nf6 2. e5 Nd5 3. c4 Nb6 4. d4 d6 5. exd6 exd6 6. Be2 Be7 7. Nf3 O-O 8. O-O Bg4 9. b3 Bf6 10.
Bb2 Nc6 11. Nbd2 Re8 12. Re1 a5 13. a3 a4 14. b4 d5 15. c5 Nd7 16. Qc2 Ne7 17. Bb5 c6 18. Bxa4 Bf5 19. Qd1 Ng6 20.
Bc2 Rxe1+ 21. Nxe1 Bxc2 22. Qxc2 Ndf8 23. Nd3 Ne6 24. Nf3 Nh4 25. Nde5 Bxe5 26. Nxe5 Qg5 27. g3 f6 28. Bc1 Qh5 29.
gxh4 Nxd4 30. Qd3 fxe5 31. Kg2 Rf8 32. Qg3 Nf5 33. Qg5 Nxh4+ 34. Kh3 Rf3+ 0-1

[Event "15. Dobrovický rapid - Tereos TTD a.s. – open"]
[Site "Dobrovice, Czech Republic"]
[Date "2020.02.29"]
[Round "9.6"]
[White "Sorm Daniel"]
[Black "Janicek Jindrich"]
[Result "0-1"]
[TimeControl "15m + 3s / tah"]
[WhiteElo "2310"]
[BlackElo "2022"]

1. d4 d5 2. c4 c6 3. Nc3 Nf6 4. Nf3 e6 5. Qc2 g6 6. Bf4 Bg7 7. e3 O-O 8. Be2 Nbd7 9. O-O a6 10.
c5 Re8 11. h3 Nh5 12. Bd6 e5 13. dxe5 Nxe5 14. Nd4 Qh4 15. Nf3 Nxf3+ 16. Bxf3 f5 17. Qa4 Qd8 18. Rad1 Nf6 19. Qf4 Ne4 20.
Nxe4 fxe4 21. Bg4 Qf6 22.
Qxf6 Bxf6 23. Bxc8 Raxc8 24. b4 Be5 25. Bxe5 Rxe5 26. Rd2 Rf8 27. Rb1 Ref5 28. a4 Kg7 29. b5 axb5 30. axb5 h5 31.
h4 g5 32. hxg5 Kg6 33. bxc6 bxc6 34. Rb6 Rc8 35. Ra2 Kxg5 36. Raa6 Rf6 37. Ra7 Rcf8 38. Rg7+ Kh6 39. Rbb7 Rf5 40. Rbc7 R5f6 41. Rh7+ Kg5 42.
Rcg7+ Kf5 43. Rxh5+ Ke6 44. Rhh7 Rc8 45. Re7+ Kf5 46. Rhg7 Rg6 47. Rxg6
Kxg6 48. Re6+ Kf7 49. Rd6 Ke7 50. Kf1 Kf7 51. Ke2 Ke7 52. f3 exf3+ 53. gxf3 Rc7 54. Kd3 Rc8 55.
Kd4 Rc7 56. Ke5 Rc8 57. f4 Kf7 58. f5 Re8+ 59. Re6 Rc8 60. f6 Kf8 61. Re7 Rd8 62. Ke6 d4 0-1

[Event "15. Dobrovický rapid - Tereos TTD a.s. – open"]
[Site "Dobrovice, Czech Republic"]
[Date "2020.02.29"]
[Round "9.7"]
[White "Kaderabek Jiri"]
[Black "Nedoma Marek"]
[Result "1-0"]
[TimeControl "15m + 3s / tah"]
[WhiteElo "2105"]
[BlackElo "2003"]

1. e4 c5 2. Nf3 e6 3.
d4 cxd4 4. Nxd4 Nc6 5. Be3 a6 6. Bd3 Nge7 7. O-O g6 8. Nd2 Bg7 9. Nxc6 bxc6 10. c4 Bxb2 11. c5 O-O 12. Nc4 Bxa1 13.
Qxa1 f6 14. Bh6 a5 15. Nd6 Ba6 16. Rd1 Bxd3 17. Rxd3 Rf7 18. Qd1 Ra7 19. h4 Nc8 20. Nxf7 Kxf7 21. Rf3 d5 22. Bg5 Kg8 23. Rxf6 Qe8 24. Qg4 Re7 25. Bh6 Rf7 26. Qxe6 Ne7 27. exd5 cxd5 28. c6 d4 29. c7 Kh8 30.
Rxf7 1-0

[Event "15. Dobrovický rapid - Tereos TTD a.s. – open"]
[Site "Dobrovice, Czech Republic"]
[Date "2020.02.29"]
[Round "9.8"]
[White "Stursa Jan"]
[Black "Toman Jan"]
[Result "1-0"]
[TimeControl "15m + 3s / tah"]
[WhiteElo "1943"]
[BlackElo "2088"]

1. c4 Nf6 2. Nc3 g6 3. g3 Bg7 4. Bg2 c6 5. d4 O-O 6. Nf3 d5 7. cxd5 cxd5 8. Ne5 e6 9. O-O Nbd7 10. f4 Qb6 11. e3 Ne8 12.
b3 Nd6 13. Ba3 Rd8 14. Na4 Qa6 15. Qc1 Nxe5 16. fxe5 Nf5 17. g4 Nh4 18. Be7 Bd7 19. Bxh4 Rdc8 20. Nc5 Qe2 21. Bf3 Qb5 22.
Qd2 Be8 23. Be2 Qb6 24. Rac1 Bxe5 25. dxe5 Rxc5 26. Rxc5 Qxc5 27. Rc1 Qb6 28. Qd4 Qa5 29. a4 b5 30. Bf6 g5 31. axb5 Bxb5 32. Qc5 a6 33. Qc8+ 1-0

[Event "15. Dobrovický rapid - Tereos TTD a.s. – open"]
[Site "Dobrovice, Czech Republic"]
[Date "2020.02.29"]
[Round "9.9"]
[White "Szeko Ludovit"]
[Black "Pesek Radomir"]
[Result "0-1"]
[TimeControl "15m + 3s / tah"]
[WhiteElo "2051"]
[BlackElo "1999"]

1. Nf3 Nf6 2. g3 g6 3. Bg2 Bg7 4. O-O O-O 5. d3 c6 6. e4 d6 7. c3 Bd7 8. Qc2 Qc8 9. Re1 Bh3 10. Bh1 e5 11. Nbd2 Nbd7 12. Nc4 Qc7 13. Ng5 Bg4 14.
f3 Be6 15. Nxe6 fxe6 16. Bg2 d5 17. Ne3 Qb6 18. Qb3 Qxb3 19. axb3 Nc5 20. Bh3 Rfe8 21. Bf1 Nxb3 22. Ra3 Nxc1 23.
Rxc1 Bh6 24. Re1 a6 25. Kf2 Rf8 26. Ke2 Nd7 27. Nc2 Rf6 28.
Bh3 Kf7 29. Ra2 Ke7 30. Rf1 Raf8 31. Bg2 Kd6 32. Na3 Nb6 33. b3 Rc8 34. c4 d4 35. b4 c5 36. b5 Na4 37. Nb1 axb5 38.
cxb5 Ra8 39. f4 exf4 40. g4 e5 41. Kf3 Rff8 42. Nd2 Nb6 43. Rfa1 Rxa2 44. Rxa2 Ra8 45. Nc4+ Ke6 46. Rxa8 Nxa8 47. g5 Bxg5 48. Bh3+ Ke7 49. Nxe5 Nc7 50. Nd7 Kd6 51. b6 Na6 52. Nf8 Nb4 53. Bf1 Bd8 54. Nxh7 Bxb6 55. Kxf4 Bd8 56. Nf8 g5+ 57.
Kf5 Nc6 58. Ng6 Ne7+ 59. Kxg5 Nxg6+ 60. Kxg6 b5 61. Be2 Ke5 62.
Kf7 b4 63. Bd1 c4 64. dxc4 Kxe4 65. Ke8 Bh4 66. c5 Kd5 67.
Bb3+ Kxc5 68. Kf7 d3 69. Kg6 Kd4 70. Kh5 Bd8 71. Kg4 Kc3 72. Bd1 b3 0-1

[Event "15. Dobrovický rapid - Tereos TTD a.s. – open"]
[Site "Dobrovice, Czech Republic"]
[Date "2020.02.29"]
[Round "9.10"]
[White "Lasek Frantisek"]
[Black "Groh Jiri"]
[Result "1-0"]
[TimeControl "15m + 3s / tah"]
[WhiteElo "1932"]
[BlackElo "2031"]

1. f4 c5 2. Nf3 Nc6 3.
b3 d5 4.
Bb2 Nf6 5. e3 e6 6. d4 Be7 7. Bd3 O-O 8. O-O Qd6 9. Nbd2 cxd4 10. Nxd4 Bd7 11. N2f3 Nb4 12. Ba3 Qc7 13. Qd2 Nc6 14.
Bxe7 Nxe7 15. Ne5 Nc6 16. Nxd7 Qxd7 17. Rac1 Rac8 18. Rfd1 h6 19. Nxc6 Qxc6 20. c4 Qb6 21. h3 Rfd8 22.
Kh2 dxc4 23. Rxc4 Rxc4 24. bxc4 Ne4 25. Qe1 Nc5 26. Bc2 g6 27. Rd4 Rxd4 28. exd4 Nd7 29. Qe4 Qc7 30. Bb3 b6 31.
d5 exd5 32. cxd5 Nc5 33. d6 Qd8 34. Qxg6+ Kh8 35. Qxh6+ Kg8 36. Qg6+ Kh8 37. Bxf7 Qf8 38. Qf6+ Kh7 39. Bg6+ Kg8 40. Bh7+ 1-0

[Event "15. Dobrovický rapid - Tereos TTD a.s. – open"]
[Site "Dobrovice, Czech Republic"]
[Date "2020.02.29"]
[Round "9.11"]
[White "Vavrinec Tomas"]
[Black "Vranova Zdenka"]
[Result "0-1"]
[TimeControl "15m + 3s / tah"]
[WhiteElo "2025"]
[BlackElo "1970"]

1. c4 g6 2. Nc3 Bg7 3. g3 d6 4. Bg2 Nf6 5. Nf3 O-O 6. O-O c6 7. d3 Nbd7 8. Rb1 Ng4 9. Bd2 Nge5 10.
Nxe5 Bxe5 11. b4 Rb8 12. a4 c5 13. Nb5 a6 14. Na7 cxb4 15. Nxc8 Qxc8 16. Rxb4 b6 17. Bh3 e6 18. Be3 Qc7 19.
Qb1 Bc3 20. Rb3 Bg7 21. Rc1 Nc5 22. Ra3 Qd7 23. Qa2 a5 24. d4 Na6 25. d5 Qe7 26. dxe6 fxe6 27. c5 bxc5 28. Bxe6+ Kh8 29.
Qc4 Bb2 30. Bh6 Rf6 31. Re3 Bxc1 32. Qxc1 Nc7 33. Bc4 Qd8 34. Qc3 d5 35. Qe5 dxc4 36. Bg5 Qd1+ 37. Kg2 Qd5+ 38. Qxd5 Nxd5 39.
Re5 Rf5 40. Bh6 0-1

[Event "15. Dobrovický rapid - Tereos TTD a.s. – open"]
[Site "Dobrovice, Czech Republic"]
[Date "2020.02.29"]
[Round "9.12"]
[White "Zahorbensky Jaroslav"]
[Black "Danek Pavel"]
[Result "1-0"]
[TimeControl "15m + 3s / tah"]
[WhiteElo "2105"]
[BlackElo "1844"]

1. e4 e6 2. d4 d5 3. e5 c5 4. c3 Qb6 5. Nf3 Bd7 6. Bd3 Bb5 7. O-O Bxd3 8. Qxd3 cxd4 9. cxd4 Ne7 10.
Nc3 Nec6 11. Be3 Nd7 12. a3 Be7 13. b4 a6 14. Nd2 Rc8 15. f4 g6 16. Kh1 O-O 17. Rf3 Kg7 18. Rh3 h5 19.
f5 exf5 20. Nxd5 Qd8 21. Nf4 Bg5 22. Nxh5+ gxh5 23. Bxg5 f6 24. exf6+ Nxf6 25. d5 Ne5 26. Qxf5 Neg4 27. Rf3 Qc7 28.
Bf4 Qc2 29. Qxc2 Rxc2 30. h3 Nxd5 31. hxg4 hxg4 32. Bh6+ Kxh6 33. Rxf8 Rxd2 34. Kh2 Ne3 35. Rg1 Kg5 36. Re8 Nf5 37.
Rf1 Nh4 38. Rg8+ Kh5 39. Rf7 Nf3+ 40. Kg3 Rd6 41. Rh7+ Rh6 42. Rxh6+ Kxh6 43. gxf3 1-0

[Event "15. Dobrovický rapid - Tereos TTD a.s. – open"]
[Site "Dobrovice, Czech Republic"]
[Date "2020.02.29"]
[Round "9.13"]
[White "Joukl Zdenek"]
[Black "Buchar Petr"]
[Result "1/2-1/2"]
[TimeControl "15m + 3s / tah"]
[WhiteElo "2022"]
[BlackElo "1904"]

1. d4 f5 2. Nf3 Nf6 3. Bf4 g6 4. e3 Bg7 5. Nbd2 O-O 6. c4 d6 7. Be2 h6 8. h3 c6 9. O-O Qe8 10.
Qb3 Kh7 11. a4 Nh5 12. Bh2 e5 13. dxe5 dxe5 14. c5 f4 15. Nc4 Qe6 16. Qc2 e4 17. Ne1 f3 18. gxf3 exf3 19. Bxf3 Qxh3 20.
Bg2 Qh4 21. Nf3 Rxf3 22. Bxf3 Bh3 23. Rfd1 Nd7 24. Bxh5 Qxh5 25. f4 Qg4+ 26. Kh1 Qf3+ 27. Kg1 Qg4+ 28. Kh1 Qf3+ 29. Kg1 Nxc5 30. Qf2 Qxf2+ 31. Kxf2 b5 32. axb5 cxb5 33. Ne5 Nd7 1/2-1/2

[Event "15. Dobrovický rapid - Tereos TTD a.s. – open"]
[Site "Dobrovice, Czech Republic"]
[Date "2020.02.29"]
[Round "9.14"]
[White "Janous Petr"]
[Black "Spirek Adam"]
[Result "0-1"]
[TimeControl "15m + 3s / tah"]
[WhiteElo "1931"]
[BlackElo "2015"]

1. e4 d5 2. exd5 Nf6 3. d4 Bg4 4.
Be2 Bxe2 5. Nxe2 Qxd5 6. O-O Nc6 7. Nbc3 Qh5 8. Ng3 Qg6 9. Be3 O-O-O 10. Nce2 h5 11. Nf4 Qh7 12. c3 h4 13.
Nge2 g5 14. Nd3 h3 15. gxh3 Qxh3 16. Re1 Qxh2+ 17. Kf1 Qh3+ 0-1